 Dungeon Crawl Stone Soup version 0.20.0-15-g7f486f2 (console) character file.

187 removed the Slasher (level 5, 0/31 HPs)
             Began as a Deep Elf Fighter on June 11, 2017.
             Slain by a gnoll
             ... wielding a +0 flail
              (10 damage)
             ... on level 2 of the Dungeon.
             The game lasted 00:03:14 (2758 turns).

removed the Slasher (Deep Elf Fighter)              Turns: 2758, Time: 00:03:15

Health: 0/31       AC:  6    Str: 13    XL:     5   Next: 39%
Magic:  7/7        EV:  6    Int: 13    God:
Gold:   113        SH:  8    Dex: 15    Spells: 4/4 levels left

rFire    . . .     SeeInvis .   a - +2 dagger (venom)
rCold    . . .     Gourm    .   c - +0 shield
rNeg     . . .     Faith    .   l - +0 scale mail
rPois    .         Spirit   .   (no helmet)
rElec    .         Reflect  .   (no cloak)
rCorr    .         Harm     .   (no gloves)
MR       .....                  (no boots)
Stlth    ..........             s - amulet of rage
Regen    0.1/turn               (no ring)
MPRegen  0.1/turn               (no ring)

@: drained
A: no striking features
a: Evoke Berserk Rage


You were on level 2 of the Dungeon.
You were very hungry.

You visited 1 branch of the dungeon, and saw 3 of its levels.

You collected 113 gold pieces.

Inventory:

Hand Weapons
 a - a +2 dagger of venom (weapon)
 b - a +0 long sword
Missiles
 r - 2 throwing nets (quivered)
Armour
 c - a +0 shield (worn)
 l - a +0 scale mail (worn)
Jewellery
 s - an amulet of rage (around neck)
Scrolls
 h - a scroll of enchant weapon {unknown}
 i - a scroll of identify {unknown}
 j - a scroll of random uselessness {unknown}
 t - a scroll of teleportation {unknown}
 u - a scroll of fear {unknown}
Potions
 d - a potion of might
 n - a potion of heal wounds {unknown}
 o - a potion of agility {unknown}
 p - a potion of flight {unknown}
Comestibles
 f - 4 bread rations


   Skills:
 - Level 2.4(2.1) Fighting
 + Level 5.2(4.8) Long Blades
 - Level 2.4(2.1) Armour
 - Level 2.4(2.1) Shields


You had 4 spell levels left.
You didn't know any spells.

Dungeon Overview and Level Annotations

Branches:
Dungeon (3/15)

Altars:


Message History

The gnoll completely misses you.
The hobgoblin throws a stone.
The stone hits you but does no damage.
You see here a stone.
The hobgoblin throws a stone.
The stone hits you but does no damage.
You see here a stone.
You see here 2 stones.
Press: ? - help, v - describe, . - travel, g - get item
Here: a gnoll, wielding a flail A leather armour.
The floor.
There is a stone staircase leading up here.
You block the gnoll's attack.
You climb upwards.
You are feeling very hungry.
There is a stone staircase leading down, spattered with blood here.
Unknown command.
You hit the gnoll.
The gnoll is poisoned.
The gnoll is lightly wounded.
The gnoll hits you with a flail!
You die...

##################
#..(g[...........####
#.##@................
####'##.###########.####
#.......# #.# #.......#
#(#### #.......# #.....
#.......### ######
#####...[.# #.#
#"....############..
#)....'.............


You could see a gnoll.

Vanquished Creatures
  Terence (D:2)
  A hound skeleton (D:3)
  6 gnolls
  3 adders
  2 worms (D:2)
  A dart slug (D:3)
  A leopard gecko (D:2)
  6 orcs
  4 giant cockroaches
  5 goblins
  5 hobgoblins
  3 jackals (D:2)
  4 kobolds
  A ball python (D:1)
  4 bats
  2 frilled lizards (D:1)
  A jackal zombie (D:3)
  6 rats
56 creatures vanquished.

Notes
Turn   | Place    | Note
-------+----------+-------------------------------------------
     0 | D:1      | removed the Deep Elf Fighter began the quest for the Orb.
     0 | D:1      | Reached XP level 1. HP: 13/13 MP: 3/3
    71 | D:1      | Reached skill level 2 in Long Blades
   397 | D:1      | Reached XP level 2. HP: 14/18 MP: 4/4
  1175 | D:2      | Noticed Terence
  1186 | D:2      | Killed Terence
  1186 | D:2      | Reached skill level 3 in Long Blades
  1186 | D:2      | Reached XP level 3. HP: 17/22 MP: 5/5
  1720 | D:2      | Reached XP level 4. HP: 27/27 MP: 6/6
  1801 | D:2      | Reached skill level 4 in Long Blades
  2320 | D:3      | Reached XP level 5. HP: 25/31 MP: 7/7
  2504 | D:3      | Reached skill level 5 in Long Blades
  2758 | D:2      | Slain by a gnoll

Skill      XL: |  1  2  3  4  5 |
---------------+----------------+-----
Long Blades    | 2 3 4 5 |  5.2
Fighting       | |  2.4
Armour         | |  2.4
Shields        | |  2.4

Action                   |  1- 3 |  4- 6 || total
-------------------------+-------+-------++-------
Melee: Long sword        |    26 |       ||    26
       Dagger            |    69 |   111 ||   180
  Use: Potion            |       |     1 ||     1
  Eat: Chunk             |     2 |     3 ||     5
Armor: Scale mail        |    30 |    56 ||    86
Dodge: Dodged            |    27 |    39 ||    66
Block: Shield            |    48 |    48 ||    96
       Rpst.: Long sword |     2 |       ||     2
